 Dungeon Crawl Stone Soup version 0.30-a0-553-g7fabdf1491 (webtiles) character file.

Game seed: 6046952849859064165

273 bmack86 the Chopper (level 6, 50/55 HPs)
             Began as a Minotaur Fighter on Dec 27, 2022.
             Was a Follower of Fedhas.
             Quit the game on level 3 of the Dungeon.
             The game lasted 00:10:02 (1940 turns).

bmack86 the Chopper (Minotaur Fighter)              Turns: 1940, Time: 00:10:03

Health: 50/55      AC:  7    Str: 23    XL:     6   Next: 3%
Magic:  5/5        EV:  9    Int:  5    God:    Fedhas [*.....]
Gold:   124        SH:  4    Dex:  9    Spells: 5/5 levels left

rFire   . . .      SeeInvis .    a - +1 war axe
rCold   . . .      Faith    .    c - +0 buckler
rNeg    . . .      Spirit   +    b - +0 scale mail
rPois   .          Reflect  .    (helmet restricted)
rElec   .          Harm     .    (no cloak)
rCorr   .          Rampage  .    (no gloves)
Will    .....                    (no boots) Stlth
                                 f - amulet of guardian spirit
HPRegen 0.29/turn                (no ring)
MPRegen 0.09/turn                (no ring)

@: no status effects
A: horns 2, retaliatory headbutt
a: Renounce Religion


You were on level 3 of the Dungeon.
You worshipped Fedhas.
Fedhas was aware of your devotion.
You visited 1 branch of the dungeon, and saw 3 of its levels.

You collected 124 gold pieces.

Inventory:

Hand Weapons
 a - a +1 war axe (weapon)
Missiles
 j - 2 poisoned darts (quivered)
Armour
 b - a +0 scale mail (worn)
 c - a +0 buckler (worn)
Jewellery
 f - an amulet of guardian spirit (around neck)
Scrolls
 l - a scroll of fog
Potions
 d - 2 potions of might
 e - a potion of curing
 g - a potion of degeneration {unknown}
 h - a potion of flight {unknown}
 i - a potion of heal wounds {unknown}
 k - 2 potions of berserk rage
 m - 2 potions of magic {unknown}
 n - 4 potions of brilliance {unknown}


   Skills:
 + Level 4.8 Fighting
 * Level 5.1 Axes
 + Level 0.2 Throwing
 + Level 4.8 Armour
 + Level 4.8 Shields


You had 5 spell levels left.
You didn't know any spells.
Your spell library was empty.

Dungeon Overview and Level Annotations

Branches:
Dungeon (3/15)

Altars:
Cheibriados
Fedhas
Ru


Innate Abilities, Weirdness & Mutations

You have a pair of horns on your head.
You reflexively headbutt those who attack you in melee.


Message History

Found a stone staircase leading down.
Found a potion of might.
l - a scroll of fog
n - 4 metallic inky potions (gained 1)
d - 2 potions of might (gained 1)
A mummy comes into view.
Found a snail-covered altar of Cheibriados.
You barely miss the mummy. Your headbutt misses the mummy. You hit the mummy.
The mummy is lightly damaged.
The mummy hits you!
You slash the mummy! You headbutt the mummy.
The mummy is severely damaged.
The mummy hits you but does no damage.
You barely miss the mummy.
The mummy is severely damaged.
The mummy barely misses you.
You slash the mummy!
You destroy the mummy!
Fedhas accepts your kill.
An adder comes into view.
The adder hisses angrily.
A goblin comes into view. It is wielding a +0 club.
The goblin shouts!
You miss the adder. The adder closely misses you. You furiously retaliate!
You headbutt the adder! The adder bites you but does no damage.
You closely miss the adder.
The adder is severely wounded.
You block the adder's attack. x2
You hit the adder.
You kill the adder!
Fedhas appreciates your contribution to the ecosystem.
You have reached level 6!
You slash the goblin!
You kill the goblin!
Fedhas appreciates your contribution to the ecosystem.
Things that are here:
a +0 club; a goblin corpse Unknown command.
Are you sure you want to abandon this character and quit the game? (Confirm with "yes".)

#### . #..
#.#.######.#
...<........
..########.# . ..#
#.######### #.#
#......@..# #### #.#
#.#.#####.# ...# #.#
#.....# #.# ##.###.#
#.....# #.#
.......###.†...###.#
...####.....)......#
...# #............#
..## #......_......#
#.................##


There were no monsters in sight!

Vanquished Creatures
  Sigmund (D:2)
  A mummy (D:3)
  4 adders
  5 worms (D:2)
  5 dart slugs
  3 ball pythons
  10 endoplasms
  2 giant cockroaches
  4 goblins
  2 hobgoblins
  5 kobolds
  6 bats
  5 rats
53 creatures vanquished.

Vanquished Creatures (others)
  A plant (D:1)
1 creature vanquished.

Grand Total: 54 creatures vanquished

Notes
Turn   | Place    | Note
-------+----------+-------------------------------------------
     0 | D:1      | bmack86 the Minotaur Fighter began the quest for the Orb.
     0 | D:1      | Reached XP level 1. HP: 19/19 MP: 0/0
   134 | D:1      | Reached XP level 2. HP: 25/27 MP: 1/1
   191 | D:1      | Reached skill level 3 in Axes
   409 | D:1      | Reached XP level 3. HP: 30/33 MP: 2/2
  1108 | D:2      | Reached XP level 4. HP: 38/40 MP: 3/3
  1204 | D:2      | Noticed Sigmund
  1234 | D:2      | Killed Sigmund
  1235 | D:2      | Reached skill level 4 in Axes
  1235 | D:2      | Reached XP level 5. HP: 27/47 MP: 2/4
  1259 | D:2      | Reached skill level 5 in Axes
  1344 | D:2      | Found a sacrificial altar of Ru.
  1841 | D:3      | Found a faded altar of an unknown god.
  1848 | D:3      | Prayed at the altar of an unknown god.
  1848 | D:3      | Became a worshipper of Fedhas Madash
  1848 | D:3      | Reached * piety under Fedhas
  1908 | D:3      | Found a snail-covered altar of Cheibriados.
  1925 | D:3      | Reached XP level 6. HP: 46/55 MP: 5/5
  1940 | D:3      | Quit the game

Illustrated notes

Levels and vault maps discovered:
D:1:      wander_arrival_fairy_ring, layout_basic
D:2:      layout_basic, basic_altar, minmay_close_crescents, uniq_sigmund
D:3:      layout_basic, slow_altar_1, dilly_ecumenical_altar_fadedgnrine,
          gammafunk_ghost_icy

Skill      XL: |  1  2  3  4  5 |
---------------+----------------+-----
Axes           | 3 4 5 |  5.1
Fighting       | 4 |  4.8
Armour         | 4 |  4.8
Shields        | 4 |  4.8
Throwing       | |  0.2

Action                   |  1- 3 |  4- 6 || total
-------------------------+-------+-------++-------
Melee: War axe           |    73 |    44 ||   117
       Headbutt          |    17 |     3 ||    20
  Use: Scroll            |     4 |     3 ||     7
Armor: Scale mail        |    34 |    20 ||    54
Dodge: Dodged            |    35 |    15 ||    50
Block: Buckler           |    18 |     7 ||    25

Table legend: (Time is in decaauts)
 A = Elapsed time spent in this place.
 B = Non-inter-level travel time spent in this place.
 C = Inter-level travel time spent in this place.
 D = Time resting spent in this place.
 E = Time spent auto-exploring this place.
 F = Levels seen in this place.
 G = Mean time per level.
                   A        B        C        D        E       F      G
               +--------+--------+--------+--------+--------+-----+--------+
         Total |   1983 |   1959 |     24 |     60 |   1193 |   3 |  661.0 |
       Dungeon |   1983 |   1959 |     24 |     60 |   1193 |   3 |  661.0 |
               +--------+--------+--------+--------+--------+-----+--------+

Top non-repeatable levels by time:
     D:2: 1159 daAuts
     D:1: 553 daAuts
     D:3: 270 daAuts
